 Dungeon Crawl Stone Soup version 0.30-a0-1085-g990a428a5c (webtiles) character file.

Game seed: 7687544791570324115

13 cforsyth the Conjurer (level 2, -2/20 HPs)
             Began as a Demigod Conjurer on Apr 16, 2023.
             Frozen to death by an endoplasm (3 damage)
             ... on level 1 of the Dungeon.
             The game lasted 00:01:09 (751 turns).

cforsyth the Conjurer (Demigod Conjurer)             Turns: 751, Time: 00:01:10

Health: -2/20      AC:  8    Str:  8    XL:     2   Next: 12%
Magic:  7/7        EV:  7    Int: 20    God:
Gold:   115        SH:  0    Dex: 12    Spells: 4/5 levels left

rFire   + + .      SeeInvis .    h - +0 short sword
rCold   . . .      Faith    .    (no shield)
rNeg    . . .      Spirit   .    g - +0 fire dragon scales
rPois   .          Reflect  .    (no helmet)
rElec   .          Rampage  .    (no cloak)
rCorr   .                        (no gloves)
Will    .....                    (no boots) Stlth
                                 (no amulet)
HPRegen 0.23/turn                (no ring)
MPRegen 0.10/turn                (no ring)

@: lethally poisoned (-2 -> -7), attractive
A: high MP 1, forlorn, divine attributes, cold resistance 1
a: no special abilities


You were on level 1 of the Dungeon.
You visited 1 branch of the dungeon, and saw 1 of its levels.

You collected 115 gold pieces.

Inventory:

Hand Weapons
 h - a +0 short sword (weapon)
Armour
 a - a +0 robe
 g - +0 fire dragon scales (worn)
 j - a +0 cloak
Jewellery
 e - a ring of see invisible
Scrolls
 c - 2 scrolls of amnesia {unknown}
 f - 2 scrolls of identify {unknown}
Potions
 b - a potion of magic


   Skills:
 - Level 1.7 Dodging
 - Level 1.7 Stealth
 + Level 2.2 Spellcasting
 + Level 3.9 Conjurations


You had 4 spell levels left.
You knew the following spells:

 Your Spells              Type           Power      Damage    Failure   Level
a - Magic Dart            Conj           68%        1d6       47%         1

Your spell library contained the following spells:

 Spells                   Type           Power      Damage    Failure   Level
 Searing Ray              Conj           34%        2d5       63%         2
 Dazzling Flash           Conj/Hex       20%        N/A       98%         3
 Fulminant Prism          Conj/Hex       5%         3d7       100%        4
 Iskenderun's Mystic Bla  Conj/Tloc      10%        2d4       100%        4


Dungeon Overview and Level Annotations

Branches:
Dungeon (1/15)

Shops:
D:1 =


Innate Abilities, Weirdness & Mutations

You have an increased reservoir of magic. (+10% MP)
You shall have no god before yourself.
Your divine heritage dramatically boosts your attributes as you level up.
Your flesh is cold resistant. (rC+)


Message History

A kobold is nearby!
A kobold is nearby!
You see here a +0 cloak.
j - a +0 cloak An endoplasm comes into view.
The endoplasm quivers.
Keep equipping yourself?
You stop putting on your armour.
The kobold hits you but does no damage.
You are poisoned.
You barely miss the kobold.
You feel very sick.
A hobgoblin comes into view.
The kobold barely misses you.
You closely miss the kobold.
You feel sick.
The hobgoblin shouts!
The kobold hits you with a +3 short sword of venom.
You are lethally poisoned!
You hit the endoplasm.
The endoplasm is almost dead.
You feel very sick. The endoplasm hits you.
The kobold hits you but does no damage.
You are too injured to fight recklessly!
You are too injured to fight recklessly!
You feel very sick. The endoplasm attacks as you move away!
The endoplasm closely misses you.
* * * LOW HITPOINT WARNING * * *
You feel very sick.
Unknown command.
It was a potion of mutation.
You feel extremely strange.
You feel resistant to cold.
* * * LOW HITPOINT WARNING * * *
You feel sick. The endoplasm closely misses you.
It was a potion of attraction.
You feel attractive to monsters.
* * * LOW HITPOINT WARNING * * *
You feel sick. The endoplasm freezes you.
You are frozen.
You die...

#.#.# #.####.# # #...#
#......# #
###.###########..###.# #
#.....................##.# #
#.#####............#.....####
##...########.###........
#.....#...†....#..#######
........#######.#.# #
........@...# ###.# #
......gJ###.# .# # #.....#K#
# #......r# #.####..# #. #...
#.## #. ..


You could see an endoplasm, a hobgoblin, a kobold and a rat.

Vanquished Creatures
  A bat (D:1)
  3 endoplasms (D:1)
  A giant cockroach (D:1)
  2 quokkas (D:1)
  A ball python (D:1)
  2 kobolds (D:1)
  2 rats (D:1)
12 creatures vanquished.

Vanquished Creatures (others)
  4 toadstools (D:1)
4 creatures vanquished.

Grand Total: 16 creatures vanquished

Notes
Turn   | Place    | Note
-------+----------+-------------------------------------------
     0 | D:1      | cforsyth the Demigod Conjurer began the quest for the Orb.
     0 | D:1      | Reached XP level 1. HP: 14/14 MP: 5/5
   274 | D:1      | Found Jumnikh's Jewellery Shoppe.
   393 | D:1      | Reached XP level 2. HP: 20/20 MP: 5/7
   750 | D:1      | Gained mutation: Your flesh is cold resistant. (rC+)
                  | [potion of mutation]
   751 | D:1      | HP: 1/20 [poisoned by a kobold]
   751 | D:1      | Frozen to death by an endoplasm

Illustrated notes

Levels and vault maps discovered:
D:1:      lightli_iron_boxes, layout_loops_ring, serial_shops, shop_statue,
          minmay_gold_behind_fungi

Skill      XL: |  1 |
---------------+----+-----
Spellcasting   | 2 |  2.2
Dodging        | |  1.7
Stealth        | |  1.7
Conjurations   | |  3.9

Action                     || total
---------------------------++-------
  Melee: Short sword       ||     5
   Cast: Magic Dart        ||    21
    Use: Potion            ||     2
 Armour: Robe              ||     2
         Fire dragon scale ||     4
  Dodge: Dodged            ||     5

Table legend: (Time is in decaauts)
 A = Elapsed time spent in this place.
 B = Non-inter-level travel time spent in this place.
 C = Inter-level travel time spent in this place.
 D = Time resting spent in this place.
 E = Time spent auto-exploring this place.
 F = Levels seen in this place.
 G = Mean time per level.
                   A        B        C        D        E       F      G
               +--------+--------+--------+--------+--------+-----+--------+
         Total |    750 |    717 |     33 |      0 |    627 |   1 |  750.0 |
       Dungeon |    750 |    717 |     33 |      0 |    627 |   1 |  750.0 |
               +--------+--------+--------+--------+--------+-----+--------+

Top non-repeatable levels by time:
     D:1: 750 daAuts
